 Dungeon Crawl Stone Soup version 0.28-a0-1510-gd0f6b136d3 (webtiles) character file.

Game seed: 3867921394050748008

52 Lekart the Skirmisher (level 3, -7/33 HPs)
             Began as a Draconian Abyssal Knight on Jan 15, 2022.
             Was a Believer of Lugonu.
             Mangled by a black bear (8 damage)
             ... on level 3 of the Dungeon.
             The game lasted 00:02:20 (2086 turns).

Lekart the Skirmisher (Draconian Abyssal Knight)    Turns: 2086, Time: 00:02:21

Health: -7/33      AC:  5    Str: 15    XL:     3   Next: 60%
Magic:  4/4        EV: 12    Int: 10    God:    Lugonu [**....]
Gold:   97         SH:  0    Dex: 13    Spells: 2/2 levels left

rFire   . . .      SeeInvis .   a - +1 falchion
rCold   . . .      Faith    .   (no shield)
rNeg    . . .      Spirit   .   (armour unavailable)
rPois   .          Reflect  .   (helmet restricted)
rElec   .          Harm     .   (no cloak)
rCorr   .          Rampage  .   (no gloves)
Will    .....                   (no boots)
Stlth   +.........              (no amulet)
HPRegen 0.11/turn               (no ring)
MPRegen 0.09/turn               (no ring)

@: no status effects
A: AC +5, unfitting armour, cold-blooded
a: Renounce Religion, Depart the Abyss, Bend Space


You were on level 3 of the Dungeon.
You worshipped Lugonu.
Lugonu was pleased with you.
You visited 1 branch of the dungeon, and saw 3 of its levels.
You visited the Abyss 1 time.

You collected 97 gold pieces.

Inventory:

Hand Weapons
 a - a +1 falchion (weapon)
Missiles
 h - 21 sling bullets
 i - 5 stones (quivered)
Scrolls
 c - a scroll of vulnerability {unknown}
 d - 2 scrolls of identify {unknown}
 e - a scroll of enchant armour {unknown}
Potions
 b - a potion of cancellation {unknown}
 f - a potion of brilliance {unknown}


   Skills:
 + Level 4.1 Fighting
 + Level 2.7 Long Blades
 + Level 2.4 Dodging
 + Level 0.1 Stealth
 * Level 2.4 Invocations


You had 2 spell levels left.
You didn't know any spells.
Your spell library was empty.

Dungeon Overview and Level Annotations

Branches:
Dungeon (3/15)

Altars:


Innate Abilities, Weirdness & Mutations

Your plain brown scales are hard. (AC +5)
You cannot fit into any form of body armour.
You are cold-blooded and may be slowed by cold attacks.


Message History

The black bear claws you but does no damage.
The black bear claws you.
You hit the black bear.
The black bear is heavily wounded.
The black bear misses you. The black bear barely misses you.
The black bear claws you but does no damage.
The black bear closely misses you. The black bear barely misses you.
The black bear claws you but does no damage.
You barely miss the black bear.
The black bear is heavily wounded.
The black bear bites you. The black bear claws you. x2
You hit the black bear.
The black bear is heavily wounded.
The black bear bites you but does no damage.
The black bear claws you but does no damage.
The black bear claws you.
You barely miss the black bear.
The black bear is heavily wounded.
The black bear bites you.
The black bear claws you but does no damage.
The black bear barely misses you.
You slash the black bear!
The black bear is almost dead.
The black bear goes berserk!
You hit the black bear.
The black bear is almost dead.
The black bear bites you. The black bear barely misses you.
The black bear claws you but does no damage.
The black bear closely misses you. The black bear claws you.
The black bear claws you but does no damage.
You barely miss the black bear.
The black bear is almost dead.
The black bear bites you!
* * * LOW HITPOINT WARNING * * *
The black bear claws you.
* * * LOW HITPOINT WARNING * * *
The black bear claws you.
* * * LOW HITPOINT WARNING * * *
The black bear bites you!
You die...

#######....###.#
#.
........######.#
#.
########.......#
#. #.####### #.
#.# #. #.# #.
#.# #. #.# #.
#@# ##.
#.h...... #..
......... ###
##......(.
#........
#########


You could see a black bear (berserk).

Vanquished Creatures
  2 adders
  2 bats
  3 endoplasms (D:1)
  4 goblins
  2 hobgoblins (D:1)
  10 kobolds
  2 quokkas (D:1)
  2 ball pythons (D:1)
  3 frilled lizards (D:1)
  4 rats
34 creatures vanquished.

Vanquished Creatures (others)
  10 plants (D:1)
10 creatures vanquished.

Grand Total: 44 creatures vanquished

Notes
Turn   | Place    | Note
-------+----------+-------------------------------------------
     0 | Abyss:1  | Lekart the Draconian Abyssal Knight began the quest for the
                  | Orb.
     0 | Abyss:1  | Reached XP level 1. HP: 19/19 MP: 2/2
    13 | D:1      | Escaped the Abyss
   160 | D:1      | Reached XP level 2. HP: 17/27 MP: 3/3
   845 | D:1      | Reached skill level 4 in Fighting
   903 | D:1      | Reached ** piety under Lugonu
   959 | D:1      | Found a faded altar of an unknown god.
  1287 | D:2      | Reached XP level 3. HP: 32/33 MP: 4/4
  2077 | D:3      | Noticed a black bear
  2086 | D:3      | HP: 1/33 [black bear (2)]
  2086 | D:3      | Mangled by a black bear

Illustrated notes

Levels and vault maps discovered:
D:1:      eino_arrival_druids_welcome, layout_rooms, basic_ecumenical_altar,
          st_stairs_1, lexackson_kobold_supper
D:2:      layout_loops_ring
D:3:      layout_basic

Skill      XL: |  1  2 |
---------------+-------+-----
Fighting       | 4 |  4.1
Long Blades    | |  2.7
Dodging        | |  2.4
Stealth        | |  0.1
Invocations    | |  2.4

Action                   || total
-------------------------++-------
Melee: Falchion          ||    95
       Tailslap          ||    11
       Punch             ||     4
Throw: Boomerang         ||     8
Armor: Skin              ||    29
Dodge: Dodged            ||    70

Table legend: (Time is in decaauts)
 A = Elapsed time spent in this place.
 B = Non-inter-level travel time spent in this place.
 C = Inter-level travel time spent in this place.
 D = Time resting spent in this place.
 E = Time spent auto-exploring this place.
 F = Levels seen in this place.
 G = Mean time per level.
                   A        B        C        D        E       F      G
               +--------+--------+--------+--------+--------+-----+--------+
         Total |   2110 |   1958 |    152 |    193 |   1481 |   4 |  527.5 |
       Dungeon |   2097 |   1945 |    152 |    193 |   1481 |   3 |  699.0 |
         Abyss |     13 |     13 |      0 |      0 |      0 |   1 |   13.0 |
               +--------+--------+--------+--------+--------+-----+--------+

Top non-repeatable levels by time:
     D:1: 1002 daAuts
     D:2: 791 daAuts
     D:3: 303 daAuts
 Abyss:1: 13 daAuts
